 Dungeon Crawl Stone Soup version 0.28.0-43-g3370ac3207 (webtiles) character file.

Game seed: 8831369572564268189

1387 croobank the Firebug (level 8, -9/59 HPs)
             Began as a Yellow Draconian Fire Elementalist on Mar 16, 2022.
             Was a Follower of Hepliaklqana.
             Mangled by a boulder beetle (27 damage)
             ... on level 6 of the Dungeon.
             The game lasted 00:21:07 (6778 turns).

croobank the Firebug (DrFE)                         Turns: 6778, Time: 00:21:08

Health: -9/59      AC: 10    Str: 11    XL:     8   Next: 40%
Magic:  8/14       EV: 14    Int: 17    God:    Hepliaklqana [*.....]
Gold:   209        SH:  0    Dex: 18    Spells: 6/15 levels left

rFire   . . .      SeeInvis .   u - +3 war axe (flame)
rCold   + . .      Faith    .   (no shield)
rNeg    . . .      Spirit   .   (armour unavailable)
rPois   .          Reflect  .   (helmet restricted)
rElec   .          Harm     .   M - +0 cloak
rCorr   +          Rampage  .   n - +1 pair of gloves
Will    .....                   q - +0 pair of boots
Stlth   +++.......              w - amulet of magic regeneration
HPRegen 0.19/turn               l - ring of protection from cold
MPRegen 0.54/turn               k - +6 ring of dexterity

@: lethally poisoned (-9 -> -17)
A: reduced essence, spit acid, AC +6, unfitting armour, cold-blooded, acid
resistance
a: Breathe Acid, Renounce Religion, Recall Ancestor, Ancestor Identity


You were on level 6 of the Dungeon.
You worshipped Hepliaklqana.
Hepliaklqana was aware of your devotion.
You visited 2 branches of the dungeon, and saw 7 of its levels.

You collected 209 gold pieces.

Inventory:

Hand Weapons
 b - a +0 hunting sling
 d - a +0 short sword
 e - a +0 trident
 r - a +0 glaive
 u - a +3 war axe of flaming (weapon)
 v - a +0 antimagic dagger
 L - a +4 quarterstaff of chaos
Missiles
 c - 192 stones
 g - 94 arrows
 i - 30 sling bullets
 p - 38 bolts
Armour
 n - a +1 pair of gloves (worn)
 q - a +0 pair of boots (worn)
 M - a +0 cloak (worn)
Magical Staves
 D - a staff of earth
Jewellery
 k - a +6 ring of dexterity (right hand)
 l - a ring of protection from cold (left hand)
 w - an amulet of magic regeneration (around neck)
 I - a ring of see invisible
Wands
 a - a wand of flame (16)
 F - a wand of acid (8)
 K - a wand of polymorph (6)
Scrolls
 j - a scroll of magic mapping
 x - 2 scrolls of immolation
 J - a scroll of enchant armour
Potions
 h - a potion of might
 m - a potion of mutation
 o - a potion of flight
 s - 5 potions of curing
 t - a potion of heal wounds {unknown}
 y - a potion of haste
 z - a potion of ambrosia {unknown}
 B - a potion of berserk rage {unknown}
 G - a potion of cancellation {unknown}


   Skills:
 + Level 4.0 Fighting
 + Level 4.2 Dodging
 + Level 4.5 Stealth
 + Level 4.2 Spellcasting
 + Level 4.2 Conjurations
 + Level 5.2 Fire Magic


You had 6 spell levels left.
You knew the following spells:

 Your Spells              Type           Power      Damage    Failure   Level
a - Foxfire               Conj/Fire      76%        2x1d7     2%          1
b - Scorch                Fire           42%        2d7       2%          2
c - Flame Wave            Conj/Fire      19%        2d6       22%         4
d - Ensorcelled Hibernat  Hex/Ice        6%         N/A       24%         2

Your spell library contained the following spells:

 Spells                   Type           Power      Damage    Failure   Level
 Magic Dart               Conj           72%        1d6       2%          1
 Searing Ray              Conj           36%        2d5       4%          2
 Conjure Flame            Conj/Fire      19%        6-21      7%          3
 Inner Flame              Hex/Fire       12%        N/A       16%         3
 Ignite Poison            Fire/Tmut/Pois 9%         N/A       22%         3
 Sticky Flame             Conj/Fire      19%        2d4       22%         4
 Passwall                 Tmut/Erth      2%         N/A       24%         2
 Swiftness                Air            3%         N/A       43%         3
 Fulminant Prism          Conj/Hex       5%         3d7       54%         4
 Airstrike                Air            1%         N/A       83%         4
 Cause Fear               Hex            1%         N/A       83%         4
 Petrify                  Tmut/Erth      3%         N/A       83%         4
 Summon Lightning Spire   Summ/Air       3%         N/A       83%         4
 Lightning Bolt           Conj/Air       5%         1d17      87%         5
 Metabolic Englaciation   Hex/Ice        1%         N/A       99%         5
 Statue Form              Tmut/Erth      2%         N/A       100%        6
 Discord                  Hex            1%         N/A       100%        8


Dungeon Overview and Level Annotations

Branches:
Dungeon (6/15)             Temple (1/1) D:4

Altars:
Dithmenos
Elyvilon
Hepliaklqana
Kikubaaqudgha
Sif Muna
Uskayaw
Xom
The Shining One

Shops:
D:3 (:*

Annotations:
D:3 Sigmund
D:5 1 runed translucent door, Jingleheimer's ghost, novice DrTm


Innate Abilities, Weirdness & Mutations

Your life essence is reduced to manifest your ancestor. (-10% HP)
You can spit globs of acid.
Your golden yellow scales are hard. (AC +6)
You cannot fit into any form of body armour.
You are cold-blooded and may be slowed by cold attacks.
You are resistant to acid. (rCorr)


Message History

Confirm with . or Enter, or press ? or * to list all spells.
The spell is quite dangerous to miscast (22% risk of failure)!
Continue anyway? [Y]es or [N]o only, please.
The spell is quite dangerous to miscast (22% risk of failure)!
Continue anyway?
Casting: Flame Wave (quite dangerous; 22% risk of failure)
Press: ? - help, Dir - look around, f - activate A wave of flame ripples out!
The flame wave engulfs the scorpion!
The scorpion is moderately wounded.
The flame wave engulfs the boulder beetle but does no damage. (Press . to intensify the flame waves.)
The scorpion misses you. The scorpion barely misses you.
The boulder beetle closely misses you.
Amenemopet hits the boulder beetle but does no damage.
A wave of flame ripples out!
The flame wave engulfs the scorpion.
The scorpion is heavily wounded.
The flame wave engulfs the boulder beetle but does no damage.
Amenemopet avoids your attack.
You hear a bellow!
You hear a croak.
You hear a loud, deep croak!
The scorpion stings you.
You are poisoned.
The scorpion poisons you! The boulder beetle bites you!!
Amenemopet hits the boulder beetle but does no damage.
A wave of flame ripples out!
The flame wave engulfs the scorpion.
The scorpion is severely wounded.
The flame wave engulfs the boulder beetle but does no damage.
Amenemopet avoids your attack.
You finish channelling waves of flame.
You feel very sick.
You hear a croak.
The scorpion closely misses you. The boulder beetle bites you!
Amenemopet hits the boulder beetle but does no damage.
Casting: Flame Wave (quite dangerous; 22% risk of failure)
Confirm with . or Enter, or press ? or * to list all spells.
Flames lash the scorpion.
The scorpion is severely wounded.
The scorpion's fire resistance burns away.
You feel very sick.
The scorpion stings you but does no damage.
Amenemopet hits the boulder beetle but does no damage.
The boulder beetle bites you!!
You die...

.###############
........s@BR...#
.$....#.####......
##### #.# >.###
#.# .# #B# # #.#
#.# #.# ...


You could see the friendly Amenemopet the ancestor, a boulder beetle
(combustible, ally target) and a scorpion (combustible).

Vanquished Creatures
  A wraith (D:5)
  Menkaure (D:4)
  2 water moccasins (D:6)
  A black bear (D:4)
  An orc warrior (D:6)
  A necrophage (D:4)
  A wyvern zombie (D:5)
  2 scorpions (D:4)
  A hound (D:6)
  2 orc priests (D:5)
  Crazy Yiuf (D:3)
  5 iguanas
  An orc wizard (D:5)
  A hound zombie (D:5)
  6 adders
  3 gnolls (D:5)
  An ufetubus (D:6)
  A worm (D:2)
  A dart slug (D:3)
  10 orcs
  7 ball pythons
  3 bats (D:1)
  5 endoplasms
  2 giant cockroaches (D:4)
  3 goblins
  8 hobgoblins
  7 jackals (D:1)
  4 quokkas
  5 frilled lizards
  10 kobolds
  8 rats
  A butterfly (D:3)
106 creatures vanquished.

Vanquished Creatures (collateral kills)
  An orc wizard (D:3)
  An orc (D:3)
2 creatures vanquished.

Vanquished Creatures (others)
  An ancestor (D:6)
  A demonic plant (D:1)
  161 foxfires
  8 fungi (D:1)
  7 plants (D:1)
  4 withered plants
182 creatures vanquished.

Grand Total: 290 creatures vanquished

Notes
Turn   | Place    | Note
-------+----------+-------------------------------------------
     0 | D:1      | croobank the Draconian Fire Elementalist began the quest
                  | for the Orb.
     0 | D:1      | Reached XP level 1. HP: 14/14 MP: 3/3
    10 | D:1      | You fall into a shaft and drop 1 floor!
   208 | D:1      | Found a faded altar of an unknown god.
   231 | D:1      | Reached XP level 2. HP: 20/20 MP: 0/5
  1023 | D:1      | Reached XP level 3. HP: 13/26 MP: 1/6
  2494 | D:3      | Found Aggirphue's Weapon Boutique.
  2503 | D:2      | Learned a level 2 spell: Scorch
  2635 | D:3      | Found a shimmering altar of Xom.
  2641 | D:3      | Found Garghona's Book Shop.
  2751 | D:3      | Found Veuzid's General Store.
  2759 | D:3      | Reached XP level 4. HP: 33/33 MP: 3/7
  2830 | D:3      | Noticed Sigmund
  2947 | D:4      | Noticed a black bear
  2956 | D:4      | Killed a black bear
  2957 | D:4      | Reached skill level 1 in Fighting
  2957 | D:4      | Reached XP level 5. HP: 33/40 MP: 0/9
  3081 | D:4      | Noticed a necrophage
  3085 | D:4      | Killed a necrophage
  3324 | D:4      | Reached XP level 6. HP: 47/47 MP: 6/10
  3500 | D:4      | Found a staircase to the Ecumenical Temple.
  3517 | Temple   | Entered the Ecumenical Temple
  3523 | Temple   | Became a worshipper of Hepliaklqana the Forgotten
  3547 | D:4      | Found a shimmering blue altar of Sif Muna.
  3600 | D:4      | Reached skill level 4 in Fire Magic
  3619 | D:4      | Learned a level 4 spell: Flame Wave
  3622 | D:4      | Learned a level 2 spell: Ensorcelled Hibernation
  3889 | D:4      | Noticed Menkaure
  3895 | D:4      | Killed Menkaure
  4502 | D:5      | Entered Level 5 of the Dungeon
  4522 | D:5      | Your scales start taking on a golden yellow colour.
  4522 | D:5      | Reached XP level 7. HP: 10/56 MP: 8/11
  4522 | D:5      | Gained mutation: You are resistant to acid. (rCorr) [Yellow
                  | Draconian growth]
  4988 | D:5      | Found a runed translucent door.
  4989 | D:5      | Noticed Jingleheimer's ghost (novice DrTm)
  5153 | D:5      | Reached * piety under Hepliaklqana
  5311 | D:3      | Found an ancient bone altar of Kikubaaqudgha.
  5311 | D:3      | Found a shadowy altar of Dithmenos.
  5372 | D:3      | Found a runed translucent door.
  5373 | D:3      | Noticed Crazy Yiuf
  5382 | D:3      | Killed Crazy Yiuf
  5684 | D:5      | Found a white marble altar of Elyvilon.
  6215 | D:6      | Reached XP level 8. HP: 56/56 MP: 7/13
  6224 | D:6      | Reached skill level 5 in Fire Magic
  6231 | D:6      | Noticed a boulder beetle
  6469 | D:6      | HP: 1/59 [boulder beetle (22)]
  6778 | D:6      | Mangled by a boulder beetle

Illustrated notes

Levels and vault maps discovered:
D:1:      minmay_arrival_glassed_features, layout_basic,
          shapermc_ecumenical_altar_gd, corexii_corridor_pit, minmay_bisected
D:2:      layout_basic
D:3:      layout_rooms, xom_butterflies, grunt_temple_overflow_open,
          serial_shops, shop_statue, nicolae_diamond_shop, shop, uniq_sigmund,
          uniq_crazy_yiuf_cottage
D:4:      layout_basic, mainiacjoe_overflow_paths, minmay_temple_entry_tees,
          grunt_decor_arrowhead, uniq_menkaure
D:5:      layout_basic, lemuel_crystal_altar, gammafunk_ghost_grave,
          serial_corexii_hall, corexii_hall_statues_s, corexii_hall_statues_x
D:6:      cheibrodos_fzero, layout_loops_ring, uniq_blork_the_orc,
          uniq_eustachio
Temple:   eino_wide_crystal_templ

Skill      XL: |  1  2  3  4  5  6  7  8 |
---------------+-------------------------+-----
Stealth        | 2 3 4 |  4.5
Dodging        | 2 3 4 |  4.2
Fighting       | 1 2 3 4 |  4.0
Conjurations   | 2 3 4 |  4.2
Spellcasting   | 3 4 |  4.2
Fire Magic     | 4 5 |  5.2

Action                   |  1- 3 |  4- 6 |  7- 9 || total
-------------------------+-------+-------+-------++-------
Melee: Short sword       |    38 |     3 |       ||    41
       Unarmed           |     6 |       |       ||     6
       Tailslap          |     3 |     2 |     2 ||     7
       Punch             |     1 |       |       ||     1
       War axe           |       |     8 |    20 ||    28
 Cast: Foxfire           |    57 |    30 |    12 ||    99
       Scorch            |     3 |    21 |    49 ||    73
       Flame Wave        |       |       |     1 ||     1
 Abil: Breathe Acid      |       |       |     5 ||     5
  Use: Scroll            |     3 |     1 |     8 ||    12
       Potion            |       |       |     1 ||     1
Armor: Skin              |    28 |    16 |    14 ||    58
Dodge: Dodged            |    50 |    35 |    27 ||   112
